 Dungeon Crawl Stone Soup version 0.23.2 (webtiles) character file.

Game seed: 9303893052897696992

2215 Menchi the Protected (level 9, -2/80 HPs)
             Began as a Ghoul Fighter on Apr 5, 2019.
             Slain by Banto's ghost (6 damage)
             ... on level 6 of the Dungeon.
             The game lasted 00:21:12 (6137 turns).

Menchi the Protected (Ghoul Fighter)                Turns: 6137, Time: 00:21:12

Health: -2/80      AC:  8    Str: 22    XL:     9   Next: 35%
Magic:  8/8        EV: 12    Int:  4    God:
Gold:   320        SH:  0    Dex:  8    Spells: 8/8 levels left

rFire    . . .     SeeInvis .   h - +3 dagger (venom)
rCold    + . .     Gourm    .   (no shield)
rNeg     + + +     Faith    .   s - +0 acid dragon scales
rPois    ∞         Spirit   .   (no helmet)
rElec    .         Reflect  .   d - scarf {cloud immunity}
rCorr    +         Harm     .   (no gloves)
MR       .....                  (no boots)
Stlth    +.........             (no amulet)
HPRegen  0.00/turn              (no ring)
MPRegen  0.11/turn              (no ring)

@: rotting
A: rotting body, claws 1, carnivore, cold resistance 1, negative energy
resistance 3, inhibited regeneration, torment resistance, unbreathing
a: no special abilities


You were on level 6 of the Dungeon.
You were not hungry.

You visited 1 branch of the dungeon, and saw 6 of its levels.
You also visited: Ossuary.

You collected 320 gold pieces.

Inventory:

Hand Weapons
 a - a +0 war axe
 h - a +3 dagger of venom (weapon)
Missiles
 l - 5 tomahawks (quivered)
Armour
 d - a scarf of cloud immunity (worn)
 s - +0 acid dragon scales (worn)
Wands
 o - a wand of paralysis (8)
Scrolls
 c - a scroll of amnesia {unknown}
 g - a scroll of fear {unknown}
 i - 2 scrolls of enchant armour
 k - 2 scrolls of identify
 n - a scroll of enchant weapon
 p - 2 scrolls of remove curse {unknown}
 q - 2 scrolls of immolation {unknown}
Potions
 e - a potion of lignification
 j - 2 potions of degeneration {unknown}
 m - a potion of flight {unknown}
 r - a potion of might
Comestibles
 f - 8 rations


   Skills:
 * Level 7.7 Fighting
 * Level 4.4 Axes
 * Level 8.2 Armour
 + Level 3.1 Dodging
   Level 2.6 Shields


You had 8 spell levels left.
You didn't know any spells.
Your spell library contained the following spells:

 Spells                   Type           Power        Failure   Level  Hunger
 Sandblast                Erth           #.....       56%         1    ##.....
 Passwall                 Tmut/Erth      #.......     71%         2    ###....
 Stone Arrow              Conj/Erth      #.....       91%         3    ####...
 Petrify                  Tmut/Erth      #.......     100%        4    #####..
 Lee's Rapid Deconstruct  Erth           #.........   100%        5    ######.


Dungeon Overview and Level Annotations

Branches:
Dungeon (6/15)             Temple (0/1) D:4

Altars:
Makhleb
Okawaru
Ru
Wu Jian

Shops:
D:5 *

Annotations:
D:6 Banto's ghost, amateur DgWn


Innate Abilities, Weirdness & Mutations

Your body is rotting away.
You thrive on raw meat.
You are immune to poison.
You have sharp fingernails.
You are carnivorous and can eat meat at any time.
Your flesh is cold resistant. (rC+)
You are immune to negative energy. (rN+++)
You do not regenerate when monsters are visible.
You are immune to unholy pain and torment.
You can survive without breathing.


Message History

You hit Banto's ghost but do no damage.
Banto's ghost is almost destroyed.
Banto's ghost closely misses you.
You hit Banto's ghost.
Banto's ghost is almost destroyed.
Banto's ghost hits you.
* * * LOW HITPOINT WARNING * * *
You barely miss Banto's ghost.
Banto's ghost is almost destroyed.
Banto's ghost barely misses you.
You hit Banto's ghost.
Banto's ghost is almost destroyed.
Banto's ghost hits you but does no damage.
You closely miss Banto's ghost.
Banto's ghost is almost destroyed.
Banto's ghost misses you.
You hit Banto's ghost.
Banto's ghost is almost destroyed.
Banto's ghost hits you.
You die...

....#......[.#.#...........##....
.......#.#..######...#.#.........
......##.##)[# ###.#####.......
......##..#..# #..####...<...
.............#######.............
..###....#.......##..............
...#.....##.#.....)....##.##..)..
.......................##..###...
...##.##..####''@###..##.........
..##..##.)##.(..W.8#..##.........
...#..#...##....(..#...#.).......
#.....#....#..(....##....).......
#.....#....#.....((##...###..####
........##.#.(.(...#...##[#######
...........#########...#..#...≈$≈
........<......###.##..#.#'..PP≈;
≈...............##....##.#....P.[


You could see Banto's ghost.

Vanquished Creatures
  Grinder (D:4)
  Prince Ribbit (D:6)
  An acid dragon (D:6)
  Duvessa (D:5)
  3 sky beasts
  2 ogres
  3 bullfrogs (D:6)
  Blork the orc (D:6)
  A gnoll sergeant (D:5)
  Dowan (D:5)
  3 iron imps (D:4)
  3 hounds
  2 iguanas
  3 orc wizards (D:6)
  3 worker ants (D:5)
  9 big kobold zombies (Ossuary)
  A mummy (Ossuary)
  6 gnolls (D:5)
  5 adders
  2 shadow imps (D:5)
  An ooze (D:2)
  An adder skeleton (D:6)
  3 worms
  5 dart slugs
  3 leopard geckos
  11 orcs
  5 spectral bats (Ossuary)
  2 ball pythons (D:4)
  5 bats
  2 bat simulacra (Ossuary)
  3 giant cockroaches
  3 gnoll zombies (Ossuary)
  12 goblins
  7 hobgoblins
  6 jackals (D:6)
  4 quokkas
  11 frilled lizards
  4 goblin simulacra (Ossuary)
  4 goblin zombies (Ossuary)
  4 hobgoblin zombies (Ossuary)
  2 jackal skeletons (D:4)
  8 kobolds
  2 kobold simulacra (Ossuary)
  6 kobold zombies (Ossuary)
  4 orc zombies (Ossuary)
  6 rats
  2 rat simulacra (Ossuary)
  2 spectral goblins (Ossuary)
  A spectral kobold (Ossuary)
  5 spectral rats (Ossuary)
  A plant (D:4)
187 creatures vanquished.

Notes
Turn   | Place    | Note
-------+----------+-------------------------------------------
     0 | D:1      | Menchi the Ghoul Fighter began the quest for the Orb.
     0 | D:1      | Reached XP level 1. HP: 19/19 MP: 0/0
   125 | D:1      | Reached XP level 2. HP: 26/26 MP: 1/1
   144 | D:1      | Reached skill level 3 in Armour
   422 | D:1      | Reached XP level 3. HP: 28/31 MP: 2/2
  1361 | D:2      | Found an iron altar of Okawaru.
  1368 | D:2      | Reached XP level 4. HP: 40/40 MP: 3/3
  2173 | D:3      | Reached XP level 5. HP: 45/45 MP: 4/4
  2696 | D:4      | Reached skill level 4 in Armour
  2696 | D:4      | Reached skill level 1 in Dodging
  2726 | D:4      | Noticed Grinder
  2730 | D:4      | Paralysed by Grinder for 2 turns
  2740 | D:4      | Paralysed by Grinder for 5 turns
  2743 | D:4      | Killed Grinder
  2743 | D:4      | Reached skill level 5 in Armour
  2743 | D:4      | Reached XP level 6. HP: 42/53 MP: 5/5
  2771 | D:4      | Found a staircase to the Ecumenical Temple.
  2802 | D:4      | Reached skill level 5 in Fighting
  2802 | D:4      | Reached XP level 7. HP: 29/61 MP: 6/6
  3094 | D:4      | Found a burning altar of Makhleb.
  3533 | D:5      | Entered Level 5 of the Dungeon
  3566 | D:5      | Found a sacrificial altar of Ru.
  3674 | D:5      | Found Ucseg's Elemental Accessories.
  3704 | D:5      | Reached skill level 6 in Armour
  3760 | D:5      | Reached XP level 8. HP: 40/70 MP: 7/7
  3920 | D:5      | Noticed Dowan
  3933 | D:5      | Noticed Duvessa
  3935 | D:5      | Killed Dowan
  3950 | D:5      | HP: 3/70 [Duvessa/+0 short sword (12)]
  3954 | D:5      | HP: 1/70 [Duvessa/+0 short sword (2)]
  3959 | D:5      | Killed Duvessa
  4252 | D:5      | Reached skill level 7 in Armour
  4560 | D:6      | Found a runed translucent gate.
  4560 | D:6      | Found a runed translucent gate.
  4560 | D:6      | Found a runed translucent gate.
  4580 | D:6      | Noticed Banto's ghost (amateur DgWn)
  4650 | D:6      | HP: 3/71 [orc (2)]
  4656 | D:6      | HP: 2/71 [orc (1)]
  4732 | D:6      | Found a sand-covered staircase.
  4739 | Ossuary  | Entered an ossuary
  5196 | Ossuary  | Reached XP level 9. HP: 76/78 MP: 8/8
  5494 | D:6      | Noticed Blork the orc
  5502 | D:6      | Killed Blork the orc
  5559 | D:6      | Reached skill level 8 in Armour
  5564 | D:6      | Noticed Prince Ribbit
  5587 | D:6      | Killed Prince Ribbit
  5832 | D:6      | Found an ornate altar of the Wu Jian Council.
  6133 | D:6      | HP: 4/80 [Banto's ghost (4)]
  6137 | D:6      | Slain by Banto's ghost

Skill      XL: |  1  2  3  4  5  6  7  8  9 |
---------------+----------------------------+-----
Axes           | 2 3 4 |  4.4
Armour         | 3 5 6 7 8 |  8.2
Fighting       | 4 5 6 7 |  7.7
Dodging        | 1 2 3 |  3.1
Shields        | |  2.6

Action                   |  1- 3 |  4- 6 |  7- 9 || total
-------------------------+-------+-------+-------++-------
Melee: War axe           |    46 |       |       ||    46
       Dagger            |    94 |   101 |   704 ||   899
Evoke: Wand              |       |       |     5 ||     5
  Use: Potion            |       |     3 |     3 ||     6
       Scroll            |       |     1 |     8 ||     9
 Stab: Paralysed         |       |       |    15 ||    15
  Eat: Chunk             |     9 |    12 |    57 ||    78
Armor: Scale mail        |    67 |    47 |   316 ||   430
       Acid dragon scale |       |       |    19 ||    19
Dodge: Dodged            |    78 |    57 |   365 ||   500
